[Event "Team 45 45 League T62"]
[Site "Internet Chess Club"]
[Date "2014.09.20"]
[Round "4"]
[White "bobhill"]
[Black "lacibacsi"]
[Result "0-1"]
[WhiteElo "1841"]
[BlackElo "1997"]
[Opening "King's Indian: Torre attack"]
[ECO "A48"]
[Time "09:06:28"]
[TimeControl "2700+45"]

1. d4 Nf6 2. Nf3 g6 3. Bg5 Bg7 4. Nbd2 O-O 5. e3 d6 6. Bd3 Nc6 7. c3 e5 8. O-O
h6 9. Bh4 Qe8 10. dxe5 dxe5 11. e4 g5 12. Bg3 Nh5 13. Nc4 Nf4 14. Bc2 Bg4 15.
Bxf4 gxf4 16. h3 Be6 17. Qe2 Qe7 18. Rfd1 Kh8 19. b4 a6 20. a4 Rg8 21. b5 Qc5
22. Ncd2 axb5 23. Qxb5 Qxc3 24. Rdc1 Nd4 25. Nxd4 exd4 26. Nf3 Qa5 27. Qd3 Qa6
28. Qxa6 bxa6 29. Bd3 Rgc8 30. Rab1 c5 31. e5 Bf8 32. Rb6 a5 33. Be4 Ra7 34. Kh2
Rd7 35. Bc6 Rdc7 36. Bb5 Kg7 37. Ba6 Rc6 38. Rxc6 Rxc6 39. Bb5 Rc8 40. g3 fxg3+
41. fxg3 Be7 42. g4 Bg5 43. Rf1 Be3 44. Nh4 c4 45. Nf5+ Bxf5 46. gxf5 c3 47. f6+
Kh8 48. Bd7 Rd8 49. Bf5 d3 50. Bxd3 Rxd3 51. e6 fxe6 52. f7 Rd2+ 53. Kh1 Bc5 54.
f8=Q+ Bxf8 55. Rxf8+ Kg7 56. Rc8 c2 57. Rc7+ Kf6 {White resigns} 0-1

[Event "Team 45 45 League T62"]
[Site "Internet Chess Club"]
[Date "2014.09.22"]
[Round "4"]
[White "Tobiasdelmonte"]
[Black "WillC"]
[Result "1-0"]
[WhiteElo "1877"]
[BlackElo "1712"]
[Opening "Queen's bishop game"]
[ECO "D02"]
[Time "21:04:03"]
[TimeControl "2700+45"]

1. d4 d5 2. Nf3 Nf6 3. Bf4 e6 4. e3 Be7 5. Bd3 O-O 6. Nbd2 Nbd7 7. c3 b6 8. h4
Bb7 9. Ne5 c5 10. Qf3 a6 11. Rh3 cxd4 12. exd4 Nxe5 13. dxe5 Nd7 14. Rg3 f5 15.
O-O-O b5 16. Kb1 Nc5 17. Bh6 Rf7 18. Bc2 d4 19. Qh5 dxc3 20. Ne4 Bd5 21. Nxc3
Qf8 22. Nxd5 exd5 23. Rxd5 Ne6 24. Rd1 a5 25. Bb3 Ra6 26. Rd6 Rxd6 27. exd6 Bxd6
28. Re3 gxh6 29. Bxe6 Kg7 30. Bxf7 Qxf7 31. Qxf7+ Kxf7 32. Rd3 Ke6 33. Kc2 b4
34. Kb3 Be7 35. g3 Bc5 36. Ka4 Bxf2 37. Kxa5 Ke5 38. Kxb4 Ke4 39. Rb3 f4 40.
gxf4 Kxf4 41. a4 Kg4 42. a5 Kxh4 43. Kc4 Kg4 44. Kd3 h5 45. Ke2 Bc5 46. Rc3 Bg1
47. Kf1 Ba7 48. Rc7 Bb8 49. Rxh7 {Black resigns} 1-0

[Event "Team 45 45 League T62"]
[Site "Internet Chess Club"]
[Date "2014.09.18"]
[Round "4"]
[White "misuc56"]
[Black "fireball"]
[Result "1-0"]
[WhiteElo "1793"]
[BlackElo "1652"]
[Opening "Old Benoni defense"]
[ECO "B13"]
[Time "17:00:21"]
[TimeControl "2700+45"]

1. d4 c5 2. e3 cxd4 3. exd4 Nf6 4. c4 d5 5. Nf3 Bg4 6. Be3 e6 7. c5 Nc6 8. Be2
Be7 9. O-O O-O 10. Nc3 Nd7 11. a3 a5 12. h3 Bh5 13. Rb1 f5 14. b4 f4 15. Bc1
axb4 16. axb4 g5 17. Nh2 Bxe2 18. Nxe2 Kh8 19. b5 Na5 20. Nf3 Nc4 21. Nd2 Nxd2
22. Bxd2 f3 23. gxf3 Rxf3 24. Ng3 Rf7 25. Qg4 Nf8 26. Be3 Rg7 27. Ra1 h6 28. b6
Rg6 29. Kg2 Nh7 30. Rfe1 Kg7 31. Nh5+ Kf7 32. Qf3+ Nf6 33. Nxf6 Rxf6 34. Qh5+
Rg6 35. Bd2 Kg7 36. Qg4 Rxa1 37. Rxa1 Qd7 38. Ra7 Qc6 39. Qg3 Kf7 40. Qc7 Rg8
41. Rxb7 Qxc7 42. Rxc7 Kf6 43. b7 Rb8 44. c6 Bd6 45. Rd7 Bf4 46. Bxf4 gxf4 47.
Rc7 e5 48. dxe5+ Kxe5 49. Rc8 {Black resigns} 1-0

[Event "Team 45 45 League T62"]
[Site "Internet Chess Club"]
[Date "2014.09.22"]
[Round "4"]
[White "amicusUK"]
[Black "Beetlejuice"]
[Result "0-1"]
[WhiteElo "1648"]
[BlackElo "1799"]
[Opening "Dutch"]
[ECO "A80"]
[Time "15:01:37"]
[TimeControl "2700+45"]

1. d4 f5 2. Nf3 Nf6 3. e3 g6 4. Be2 Bg7 5. O-O O-O 6. c4 d6 7. Nc3 Qe8 8. Nd5
Na6 9. Nxf6+ Bxf6 10. Qb3 c5 11. d5 Nc7 12. Re1 Rb8 13. a4 e5 14. e4 f4 15. Qd1
Kh8 16. Bd2 Bd7 17. b4 Na6 18. b5 Nc7 19. h3 h5 20. Rf1 Qf7 21. Ra3 Ne8 22. Be1
Ng7 23. Nh2 Qe7 24. Kh1 Kh7 25. Rg1 Bh4 26. Nf3 Rf7 27. Nxh4 Qxh4 28. Bf1 Rbf8
29. Qc2 Qe7 30. Qd1 Qd8 31. Kh2 Ne8 32. Be2 Nf6 33. f3 g5 34. g3 Rg8 35. g4 hxg4
36. fxg4 Kg6 37. Kg2 Rh8 38. Rh1 Rfh7 39. Bd2 Qc8 40. Ra1 Rh6 41. Qb3 Kf7 42.
Qf3 Ke7 43. Rag1 Qg8 44. Be1 Qh7 45. Qd3 Nxg4 46. Bxg4 Bxg4 47. h4 Bd7 48. Qd2
Qxe4+ 49. Kf2 g4 50. Qc3 Rxh4 51. Rxh4 Rxh4 52. Kf1 Rh2 {White resigns} 0-1

[Event "Team 45 45 League T62"]
[Site "Internet Chess Club"]
[Date "2014.09.22"]
[Round "4"]
[White "Goli"]
[Black "gtmorton"]
[Result "1/2-1/2"]
[WhiteElo "1871"]
[BlackElo "1842"]
[Opening "Scandinavian defense"]
[ECO "B01"]
[Time "14:05:04"]
[TimeControl "2700+45"]

1. e4 d5 2. exd5 Qxd5 3. Nc3 Qa5 4. d4 Nf6 5. Nf3 Bf5 6. Be2 e6 7. O-O c6 8. Nh4
Bg6 9. Nxg6 hxg6 10. Bf4 Nbd7 11. Re1 Nh5 12. Bxh5 Qxh5 13. Qxh5 Rxh5 14. Ne4
Be7 15. c3 Rd8 16. Bc7 Rc8 17. Bd6 Nf6 18. Bxe7 Kxe7 19. Nxf6 gxf6 20. h3 Kd6
21. f3 Rd5 22. Rad1 c5 23. dxc5+ Rxc5 24. Rxd5+ Rxd5 25. Kf2 b5 26. Ke2 f5 27.
Rd1 f4 28. Rxd5+ Kxd5 29. b3 e5 30. h4 f6 31. Kd3 f5 32. Ke2 a6 33. Kf2 a5 34.
g3 fxg3+ 35. Kxg3 e4 36. Kf4 b4 37. c4+ Kd4 38. fxe4 fxe4 39. c5 e3 40. c6 e2
41. c7 e1=Q 42. c8=Q Qxh4+ 43. Kf3 Qe4+ 44. Kg3 Qe5+ 45. Kg2 Qe2+ 46. Kg3 Qe1+
47. Kg2 Qe2+ 48. Kg3 {Game drawn by mutual agreement} 1/2-1/2

[Event "Team 45 45 League T62"]
[Site "Internet Chess Club"]
[Date "2014.09.21"]
[Round "4"]
[White "fkramer"]
[Black "room-matt"]
[Result "0-1"]
[WhiteElo "1834"]
[BlackElo "1876"]
[Opening "Queen's pawn game"]
[ECO "A45"]
[Time "10:05:18"]
[TimeControl "2700+45"]

1. d4 Nf6 2. c3 d5 3. Nf3 e6 4. Bf4 Bd6 5. Bg3 O-O 6. Nbd2 c5 7. e3 Nc6 8. Ne5
Bxe5 9. dxe5 Nd7 10. f4 f6 11. Qg4 Qe7 12. Bh4 Qf7 13. exf6 Nxf6 14. Bxf6 Qxf6
15. Qg3 e5 16. fxe5 Nxe5 17. O-O-O Be6 18. Be2 Nc6 19. Rhf1 Qe7 20. Nf3 Rf6 21.
Ng5 Rg6 22. h4 Rd8 23. Bd3 Rh6 24. Rf2 d4 25. Rdf1 dxc3 26. Nxe6 Qxe6 27. Rf7
Qe5 28. R1f4 cxb2+ 29. Kb1 Rhd6 30. Rxg7+ Qxg7 31. Rg4 Rg6 32. Bxg6 Rd1+ 33. Kc2
b1=Q# {White checkmated} 0-1

[Event "Team 45 45 League T62"]
[Site "Internet Chess Club"]
[Date "2014.09.23"]
[Round "4"]
[White "zap2"]
[Black "freakypawn"]
[Result "0-1"]
[WhiteElo "1791"]
[BlackElo "1774"]
[Opening "Réti opening"]
[ECO "A04"]
[Time "15:05:04"]
[TimeControl "2700+45"]

1. Nf3 e6 2. g3 d5 3. Bg2 c5 4. d3 Nf6 5. Nbd2 g6 6. O-O Bg7 7. e4 O-O 8. Qe2
Nc6 9. c3 b6 10. Ne1 Ba6 11. f4 Rc8 12. a4 Re8 13. Qf3 dxe4 14. Nxe4 Nxe4 15.
Qxe4 f5 16. Qe2 e5 17. Bxc6 Rxc6 18. fxe5 Bxe5 19. Qc2 Qd5 20. a5 Bb7 21. Nf3
Rce6 22. axb6 axb6 23. Bh6 Bb8 24. Rf2 Re1+ 25. Rxe1 Rxe1+ 26. Kg2 Qe6 27. b4
Bxf3+ 28. Rxf3 Re2+ 29. Qxe2 Qxe2+ 30. Rf2 Qxd3 31. bxc5 bxc5 32. Rd2 Qe4+ 33.
Kh3 Bc7 34. Ra2 f4 35. Ra7 Be5 36. Re7 f3 37. Re8+ Kf7 38. Rf8+ Ke7 39. c4 Bf6
40. Rb8 f2 41. Bf8+ Kf7 {White resigns} 0-1

[Event "Team 45 45 League T62"]
[Site "Internet Chess Club"]
[Date "2014.09.20"]
[Round "4"]
[White "chessfish1"]
[Black "Duguesclin"]
[Result "1-0"]
[WhiteElo "1885"]
[BlackElo "1717"]
[Opening "French: Winawer, classical variation"]
[ECO "C18"]
[Time "15:00:28"]
[TimeControl "2700+45"]

1. e4 e6 2. d4 d5 3. Nc3 Bb4 4. e5 c5 5. a3 Bxc3+ 6. bxc3 Qc7 7. Nf3 Ne7 8. Bd3
Nbc6 9. O-O cxd4 10. cxd4 Bd7 11. Bd2 Nf5 12. Bxf5 exf5 13. c4 dxc4 14. d5 Nxe5
15. Nxe5 O-O 16. Bc3 Bb5 17. Rb1 Ba6 18. d6 Qd8 19. Re1 f6 20. Qd5+ Kh8 21. Nf7+
Rxf7 22. Qxf7 h6 23. Re7 Qg8 24. d7 Qxf7 25. Rxf7 Kg8 26. Re7 Kf8 27. Rbe1 Bb5
28. Bb4 {Black resigns} 1-0

[Event "Team 45 45 League T62"]
[Site "Internet Chess Club"]
[Date "2014.09.23"]
[Round "4"]
[White "xwang1"]
[Black "infiniteshug"]
[Result "0-1"]
[WhiteElo "1988"]
[BlackElo "2172"]
[Opening "Caro-Kann: advance variation"]
[ECO "B12"]
[Time "19:07:51"]
[TimeControl "2700+45"]

1. e4 c6 2. d4 d5 3. e5 c5 4. dxc5 Nc6 5. Nf3 Bg4 6. Bb5 e6 7. b4 Ne7 8. Bb2 Qc7
9. O-O g6 10. Nbd2 Bh6 11. a3 Bxd2 12. Qxd2 Bxf3 13. gxf3 O-O 14. f4 Nf5 15. Be2
h5 16. Kh1 Nce7 17. Rg1 Kh7 18. Rg5 Qc6 19. Qd3 Rac8 20. Rag1 b6 21. Bxh5 bxc5
22. b5 Qb6 23. Qh3 Kg7 24. Qg4 Rh8 25. Qe2 Rb8 26. a4 a6 27. Bg4 axb5 28. Bxf5
Nxf5 29. Qg4 d4 30. Rxg6+ Kf8 31. Rf6 Ke7 32. Qg5 Qc6+ 33. Rg2 Ke8 34. Rxf7 bxa4
35. Qg6 Nh4 36. Rf8+ Kxf8 37. Qg7+ Ke8 38. Qxh8+ Kd7 39. Qxh4 Rxb2 40. h3 Qf3
41. Kh2 Kc6 42. Qf6 Kb5 43. Qf8 Rxc2 44. Qe8+ Kb4 45. Qb8+ Ka3 46. h4 Rxf2 47.
Rxf2 Qxf2+ 48. Kh3 Qf3+ 49. Kh2 Qxf4+ 50. Kh1 Qxh4+ 51. Kg2 Qe4+ 52. Kf1 d3 53.
Qd6 Qc4 54. Ke1 Qc2 {White resigns} 0-1

[Event "Team 45 45 League T62"]
[Site "Internet Chess Club"]
[Date "2014.09.21"]
[Round "4"]
[White "seikster"]
[Black "jjimalo"]
[Result "1/2-1/2"]
[WhiteElo "1798"]
[BlackElo "1901"]
[Opening "Sicilian: Scheveningen (Paulsen), classical variation"]
[ECO "B84"]
[Time "13:15:52"]
[TimeControl "2700+45"]

1. e4 c5 2. Nf3 d6 3. d4 cxd4 4. Nxd4 Nf6 5. Nc3 a6 6. Be2 e6 7. Be3 Be7 8. g4
Nc6 9. g5 Nd7 10. h4 Qc7 11. Qd2 b5 12. Nxc6 Qxc6 13. Qd4 O-O 14. O-O-O Rd8 15.
h5 Bf8 16. g6 e5 17. gxh7+ Kxh7 18. Qd2 Nb6 19. h6 g6 20. Bxb6 Qxb6 21. Nd5 Qc6
22. Qg5 Be6 23. Bg4 Bxd5 24. Rxd5 Qc7 25. Kb1 b4 26. Rh3 Qe7 27. Qd2 a5 28. Be2
Rdc8 29. b3 Ra7 30. Bc4 Qf6 31. Qe3 Rcc7 32. Qb6 Rcb7 33. Qc6 Rc7 34. Qb6 Rcb7
35. Qe3 Qf4 36. Qxf4 exf4 37. Rf3 Kxh6 38. Rxf4 Kg7 39. Rg4 f6 40. Rd1 Be7 41.
Rdg1 g5 42. Be6 Rb8 43. Rd1 Rh8 44. Rg2 Rc7 45. Bf5 Rc5 46. Be6 Rh4 47. Bf5 Kf7
48. f3 {Game drawn by mutual agreement} 1/2-1/2

[Event "Team 45 45 League T62"]
[Site "Internet Chess Club"]
[Date "2014.09.20"]
[Round "4"]
[White "laurenpar"]
[Black "RobertStephen"]
[Result "1-0"]
[WhiteElo "1953"]
[BlackElo "1931"]
[Opening "English opening"]
[ECO "A05"]
[Time "08:07:09"]
[TimeControl "2700+45"]

1. Nf3 Nf6 2. c4 e6 3. g3 c5 4. Bg2 Nc6 5. O-O d5 6. b3 Bd6 7. cxd5 exd5 8. d4
cxd4 9. Nxd4 Nxd4 10. Qxd4 Qe7 11. Nc3 Be5 12. Qd3 Bf5 13. Qxf5 Bxc3 14. Rb1 O-O
15. e3 d4 16. exd4 Bxd4 17. Bb2 Bxb2 18. Rxb2 Rfe8 19. Rc1 Qb4 20. Bf3 Re7 21.
Rbc2 Rae8 22. Rc8 Qa3 23. Rxe8+ Rxe8 24. Rc7 Rf8 25. Rxb7 Qxa2 26. b4 Re8 27.
Kg2 h6 28. Qa5 Qxa5 29. bxa5 Ra8 30. Rxf7 Kxf7 31. Bxa8 Ke6 32. Kf3 Ke5 33. h3
Nd5 34. a6 Nb4 35. Bb7 Kd4 36. Kf4 g6 37. h4 Nd3+ 38. Kf3 Nc5 39. Bc8 Kd3 40.
Bb7 Kd4 41. Ke2 Ne4 42. Bxe4 Kxe4 43. f3+ Kd5 44. Kd3 h5 45. g4 Ke5 46. Ke3 Kf6
47. gxh5 gxh5 48. Kf4 Kg6 49. Ke5 Kg7 50. Ke6 Kg6 51. f4 Kg7 52. f5 Kf8 53. Kf6
Ke8 54. Kg7 {Black resigns} 1-0

[Event "Team 45 45 League T62"]
[Site "Internet Chess Club"]
[Date "2014.09.20"]
[Round "4"]
[White "zap2"]
[Black "arhrid"]
[Result "1-0"]
[WhiteElo "1807"]
[BlackElo "1781"]
[Opening "English: Neo-Catalan"]
[ECO "A13"]
[Time "10:18:30"]
[TimeControl "2700+45"]

1. Nf3 Nf6 2. g3 d5 3. c4 e6 4. Bg2 Bd6 5. d3 O-O 6. O-O b6 7. b3 Bb7 8. Bb2
Nbd7 9. Re1 Re8 10. Nbd2 c6 11. Rc1 e5 12. e3 h6 13. Nh4 Nc5 14. Qc2 a5 15. Nf5
Bc8 16. Nxd6 Qxd6 17. d4 exd4 18. exd4 Ne6 19. c5 bxc5 20. dxc5 Qd8 21. Nf3 Ne4
22. Nd4 N6xc5 23. f3 Ba6 24. fxe4 Nd3 25. Nxc6 Qg5 26. Bf1 Nxe1 27. Rxe1 Bxf1
28. Rxf1 dxe4 29. Qf2 Qd5 30. Qd4 Qxd4+ 31. Nxd4 Rad8 32. a4 e3 33. Re1 f6 34.
Kg2 Kf7 35. Kf3 e2 36. Rxe2 Rxe2 37. Kxe2 g6 38. Bc3 Rd6 39. Kd3 Ra6 40. Kc4 g5
41. Kb5 Ra8 42. Bxa5 Kg6 43. Bc3 f5 44. a5 f4 45. gxf4 gxf4 46. a6 Rb8+ 47. Ka5
f3 48. Nxf3 Rxb3 49. Ne5+ Kf5 50. Bb4 Re3 51. Nc6 Re8 52. a7 Ra8 53. Kb6 Kg4 54.
Kb7 Rxa7+ 55. Nxa7 Kh3 56. Bd6 h5 57. Kc6 h4 58. Kd5 Kg2 59. Ke4 Kh3 60. Kf5 Kg2
61. Kg4 h3 62. Nc6 Kh1 63. Kxh3 Kg1 64. Kg3 Kh1 65. h4 Kg1 66. h5 Kh1 67. h6 Kg1
68. h7 Kh1 69. h8=Q+ Kg1 70. Qa1# {Black checkmated} 1-0

[Event "Team 45 45 League T62"]
[Site "Internet Chess Club"]
[Date "2014.09.19"]
[Round "4"]
[White "Jack-ONeill"]
[Black "f5"]
[Result "1/2-1/2"]
[WhiteElo "2067"]
[BlackElo "2088"]
[Opening "Sicilian defense"]
[ECO "B30"]
[Time "14:01:13"]
[TimeControl "2700+45"]

1. e4 c5 2. Nf3 Nc6 3. c3 Nf6 4. e5 Nd5 5. d4 cxd4 6. cxd4 d6 7. Bc4 Nb6 8. Bb5
dxe5 9. Nxe5 Bd7 10. Nxd7 Qxd7 11. O-O e6 12. Nc3 a6 13. Bxc6 Qxc6 14. Be3 Rd8
15. Rc1 Be7 16. Qg4 Kf8 17. d5 Nxd5 18. Nxd5 Qxd5 19. Bb6 h5 20. Qa4 Re8 21.
Rfd1 Qb5 22. Qxb5 axb5 23. Rd7 Bf6 24. Rcc7 Bxb2 25. Rxf7+ Kg8 26. Rxb7 Rc8 27.
Rfc7 Kh7 28. g3 b4 29. Ba5 Rxc7 30. Bxc7 Ra8 31. Rxb4 Rxa2 32. Re4 Ra6 {Game
drawn by mutual agreement} 1/2-1/2

[Event "Team 45 45 League T62"]
[Site "Internet Chess Club"]
[Date "2014.09.20"]
[Round "4"]
[White "primerpaso"]
[Black "Ptzz"]
[Result "1/2-1/2"]
[WhiteElo "1971"]
[BlackElo "2057"]
[Opening "English opening"]
[ECO "A16"]
[Time "11:01:17"]
[TimeControl "2700+45"]

1. c4 Nf6 2. Nc3 c6 3. g3 d5 4. cxd5 cxd5 5. d4 Nc6 6. Bg2 Bf5 7. Nf3 e6 8. O-O
h6 9. Bf4 Bd6 10. Bxd6 Qxd6 11. e3 a6 12. a3 b5 13. b4 O-O 14. Qd2 Rac8 15. Rfc1
Rc7 16. Ne1 Rfc8 17. Nd3 Bxd3 18. Qxd3 Ne7 19. Ne2 Rc4 20. Rxc4 Rxc4 21. Rc1 Qb6
22. Qb3 Nc8 23. Rxc4 bxc4 24. Qa4 Nd6 25. Kf1 Nb5 26. Ke1 g6 27. Kd2 Kg7 28. Nc3
Ng4 29. Nxb5 axb5 30. Qa5 Qc6 31. Kc3 Nxf2 32. a4 Nd1+ 33. Kd2 c3+ 34. Kxd1 Qc4
35. Kc2 Qe2+ 36. Kxc3 Qxe3+ 37. Kc2 Qe2+ 38. Kc3 Qc4+ 39. Kd2 Qxd4+ 40. Ke2 Qc4+
41. Ke1 Qc3+ 42. Ke2 Qc2+ 43. Kf1 Qd3+ 44. Ke1 Qe3+ 45. Kf1 Qd3+ 46. Ke1 {Game
drawn by mutual agreement} 1/2-1/2

[Event "Team 45 45 League T62"]
[Site "Internet Chess Club"]
[Date "2014.09.19"]
[Round "4"]
[White "Holgate"]
[Black "santiagoelawad"]
[Result "1/2-1/2"]
[WhiteElo "2038"]
[BlackElo "2001"]
[Opening "Caro-Kann: Steinitz variation"]
[ECO "B17"]
[Time "08:19:56"]
[TimeControl "2700+45"]

1. e4 c6 2. d4 d5 3. Nd2 dxe4 4. Nxe4 Nd7 5. Bc4 Ngf6 6. Ng5 e6 7. Qe2 Nb6 8.
Bb3 h6 9. N5f3 Qc7 10. Ne5 Nbd7 11. Nxf7 Kxf7 12. Qxe6+ Kg6 13. Qf7+ Kh7 14. c3
Rg8 15. Nf3 Qd8 16. Bc2+ Kh8 17. Nh4 g5 18. Ng6+ Rxg6 19. Qxg6 Qe8+ 20. Qxe8
Nxe8 21. f4 g4 22. O-O Nd6 23. f5 Nf6 24. Bf4 Kg7 25. Rae1 Bd7 26. Be5 Re8 27.
h3 {Game drawn by mutual agreement} 1/2-1/2

[Event "Team 45 45 League T62"]
[Site "Internet Chess Club"]
[Date "2014.09.19"]
[Round "4"]
[White "frank001"]
[Black "Tobiasdelmonte"]
[Result "0-1"]
[WhiteElo "1731"]
[BlackElo "1842"]
[Opening "Nimzo-Indian: 4.e3"]
[ECO "E40"]
[Time "23:18:35"]
[TimeControl "2700+45"]

1. d4 Nf6 2. c4 e6 3. Nc3 Bb4 4. e3 Bxc3+ 5. bxc3 O-O 6. Bd3 b6 7. Ne2 d6 8. O-O
c5 9. Ng3 Nc6 10. d5 Na5 11. e4 Ba6 12. Qe2 Re8 13. dxe6 fxe6 14. Bg5 e5 15.
Rad1 Qe7 16. Nf5 Qe6 17. f4 Kh8 18. Bxf6 Qxf6 19. fxe5 Qxe5 20. Qg4 Nxc4 21. Rf3
Rf8 22. Rdf1 Nd2 23. Bxa6 Nxf1 24. Rxf1 g6 25. Nh4 Rxf1+ 26. Bxf1 Rf8 27. h3
Qxc3 28. Nf3 Qe3+ 29. Kh1 c4 30. e5 c3 31. Qc4 dxe5 32. Bd3 Qc1+ 33. Kh2 Qb2 34.
Nxe5 c2 35. Bxc2 Qxe5+ 36. Kg1 Qe3+ 37. Kh2 Qf4+ {White resigns} 0-1

[Event "Team 45 45 League T62"]
[Site "Internet Chess Club"]
[Date "2014.09.20"]
[Round "4"]
[White "NFork"]
[Black "seikster"]
[Result "0-1"]
[WhiteElo "2158"]
[BlackElo "1793"]
[Opening "English: symmetrical, main line with d4"]
[ECO "A39"]
[Time "16:34:34"]
[TimeControl "2700+45"]

1. Nf3 Nf6 2. g3 g6 3. Bg2 Bg7 4. O-O O-O 5. c4 c5 6. Nc3 Nc6 7. d4 cxd4 8. Nxd4
Nxd4 9. Qxd4 d6 10. Qh4 Qa5 11. Bd2 Rb8 12. Rfd1 a6 13. Nd5 Qd8 14. Bg5 Be6 15.
c5 Bxd5 16. Bxd5 Nxd5 17. Rxd5 f6 18. Be3 Rf7 19. Rad1 Bf8 20. cxd6 exd6 21. Bh6
Be7 22. Qd4 Rc8 23. Bf4 Rc6 24. Bxd6 Rxd6 25. Rxd6 Qxd6 26. Qxd6 Bxd6 27. Rxd6
Kg7 28. e4 Re7 29. Rb6 g5 30. f3 Rc7 31. g4 Kg6 32. e5 Rc6 33. Rxc6 bxc6 34.
exf6 Kxf6 35. Kf2 Ke6 36. Ke3 Ke5 37. f4+ gxf4+ 38. Kf3 a5 39. b3 c5 40. h4 a4
41. Ke2 axb3 42. axb3 Ke4 43. g5 f3+ 44. Kf1 Kf5 45. Kf2 Kf4 46. Kf1 Kg4 {White
resigns} 0-1

[Event "Team 45 45 League T62"]
[Site "Internet Chess Club"]
[Date "2014.09.22"]
[Round "4"]
[White "SlimeDog2"]
[Black "Epcot"]
[Result "1-0"]
[WhiteElo "2099"]
[BlackElo "2100"]
[Opening "QGD: 4.Nf3"]
[ECO "D37"]
[Time "22:01:27"]
[TimeControl "2700+45"]

1. Nf3 Nf6 2. c4 e6 3. Nc3 d5 4. d4 dxc4 5. e3 a6 6. Bxc4 b5 7. Be2 Bb7 8. O-O
Be7 9. a3 c5 10. dxc5 Qxd1 11. Rxd1 Bxc5 12. b4 Bb6 13. a4 bxa4 14. Nxa4 Ba7 15.
Bb2 O-O 16. b5 axb5 17. Bxb5 Nc6 18. Nc3 Bc5 19. Rxa8 Rxa8 20. Ra1 Rd8 21. Kf1
Nb4 22. Rd1 Ra8 23. Ne5 Nbd5 24. Nxd5 Bxd5 25. Bc4 Be4 26. Nd7 Nxd7 27. Rxd7 h6
28. f3 Bg6 29. e4 Rb8 30. Rd2 Be3 31. Rc2 h5 32. Ke2 Bf4 33. g3 Bd6 34. Rd2 Bc7
35. Kf2 h4 36. Kg2 hxg3 37. hxg3 Rc8 38. Ba6 Ra8 39. Bc4 Ra5 40. Bd4 Ra4 41. Rc2
Bd6 42. Kf2 Kh7 43. Be3 f5 44. Bxe6 fxe4 45. f4 Ra1 46. f5 Bh5 47. Rc8 g5 48.
Bd4 {Black resigns} 1-0

[Event "Team 45 45 League T62"]
[Site "Internet Chess Club"]
[Date "2014.09.20"]
[Round "4"]
[White "MeWantCookie"]
[Black "junard"]
[Result "1-0"]
[WhiteElo "2082"]
[BlackElo "2047"]
[Opening "QGD Slav: 4.e3"]
[ECO "D11"]
[Time "19:22:15"]
[TimeControl "2700+45"]

1. d4 d5 2. Nf3 Nf6 3. e3 c6 4. c4 a6 5. Nc3 b5 6. b3 Bg4 7. h3 Bxf3 8. Qxf3 e6
9. c5 Nbd7 10. Be2 e5 11. O-O e4 12. Qg3 Qb8 13. Qxb8+ Rxb8 14. b4 Be7 15. a4
O-O 16. Bd2 Rfc8 17. axb5 axb5 18. Ra7 Bd8 19. Rfa1 Nf8 20. f3 exf3 21. Bxf3 Ne6
22. R1a6 Kf8 23. Be1 Bc7 24. Rxc6 Bh2+ 25. Kxh2 Rxc6 26. Bg3 Rd8 27. Nxb5 Ne4
28. Bxe4 dxe4 29. Nc3 Nxd4 30. exd4 Rxd4 31. Rb7 e3 32. Ne2 Rd2 33. Bd6+ Rcxd6
34. cxd6 Rxd6 35. Kg3 Rf6 36. Rc7 Rf2 37. Rc2 f5 38. Nd4 f4+ 39. Kg4 Kf7 40. b5
Rd2 41. Rc4 Rxg2+ 42. Kxf4 e2 43. Rc1 Rf2+ 44. Ke3 Rf1 45. Nxe2 Rf6 46. Rc4 Rh6
47. Ng1 Rb6 48. Rc5 Rg6 49. Nf3 Ke7 50. Rc7+ Kd8 51. Rd7+ Kc8 52. Rd5 Kc7 53.
Rg5 Re6+ 54. Kd4 g6 55. Ne5 Rf6 56. Nc4 Rf3 57. Rd5 Rxh3 58. b6+ Kc6 59. Rd6+
Kb7 60. Na5+ Kc8 61. b7+ Kc7 62. Rc6+ {Black resigns} 1-0

[Event "Team 45 45 League T62"]
[Site "Internet Chess Club"]
[Date "2014.09.17"]
[Round "4"]
[White "DARKwizard1"]
[Black "f5"]
[Result "1-0"]
[WhiteElo "2067"]
[BlackElo "2089"]
[Opening "Dutch"]
[ECO "A87"]
[Time "16:02:46"]
[TimeControl "2700+45"]

1. d4 f5 2. Nf3 Nf6 3. g3 g6 4. Bg2 Bg7 5. O-O d6 6. c4 O-O 7. Nc3 Qe8 8. d5 Na6
9. Nd4 Bd7 10. Bg5 c6 11. Rc1 Rc8 12. Re1 Nc5 13. Bxf6 Bxf6 14. b4 Na6 15. a3 c5
16. Ne6 cxb4 17. axb4 Rxc4 18. Nxf8 Qxf8 19. Na2 Qc8 20. Qb3 Bb5 21. e3 Rxc1 22.
Rxc1 Qd7 23. Nc3 Kf7 24. h4 Qc7 25. Ne2 Qb6 26. Nf4 Bd7 27. Rc4 Nc5 28. Qc2 Na6
29. Qd2 Bb5 30. Rc1 Bd7 31. Rb1 Nc7 32. Qd3 Nb5 33. Ne6 Nc3 34. Rb3 Nb5 35. e4
Nd4 36. exf5 Nxb3 37. fxg6+ hxg6 38. h5 {Black resigns} 1-0

[Event "Team 45 45 League T62"]
[Site "Internet Chess Club"]
[Date "2014.09.18"]
[Round "4"]
[White "xwang1"]
[Black "Barrett-CCSCSL"]
[Result "0-1"]
[WhiteElo "1997"]
[BlackElo "2132"]
[Opening "Caro-Kann: advance variation"]
[ECO "B12"]
[Time "22:06:05"]
[TimeControl "2700+45"]

1. e4 c6 2. d4 d5 3. e5 Bf5 4. Nf3 e6 5. Be2 Nd7 6. O-O Bg6 7. c4 dxc4 8. Bxc4
Nb6 9. Be2 Nh6 10. Nc3 Be7 11. Qb3 O-O 12. a4 Rb8 13. Rd1 Nd5 14. Nxd5 exd5 15.
Bf4 Be4 16. a5 Kh8 17. Qa4 g5 18. Be3 Nf5 19. Nd2 Nxe3 20. fxe3 Bg6 21. a6 b5
22. Qb3 f6 23. exf6 Bd6 24. Rf1 Rxf6 25. Rxf6 Qxf6 26. Bd3 Re8 27. Bxg6 Qxg6 28.
g3 Re6 29. Re1 g4 30. Qc3 h5 31. Re2 Be7 32. Nb3 b4 33. Qd2 Qe8 34. Nc5 Bxc5 35.
dxc5 Re4 36. Rf2 Qe7 37. Rf5 Kg8 38. Rxh5 Rxe3 39. Kf2 d4 40. Qc2 Qf7+ 41. Rf5
Rf3+ 42. Rxf3 Qxf3+ 43. Kg1 Qe3+ 44. Kg2 Kg7 45. b3 Qf3+ 46. Kg1 d3 47. Qb2+ Kf7
48. Qd4 Kg6 49. Qd6+ Kf5 50. Qd7+ Ke5 51. Qg7+ Ke4 52. Qe7+ Kd4 53. Qg7+ Ke3 54.
Qe5+ Kd2 55. Qb2+ Kd1 56. Qb1+ Ke2 57. Qb2+ d2 58. Qe5+ Qe3+ 59. Qxe3+ Kxe3
{White resigns} 0-1

[Event "Team 45 45 League T62"]
[Site "Internet Chess Club"]
[Date "2014.09.22"]
[Round "4"]
[White "Pomberito"]
[Black "gump12345"]
[Result "1/2-1/2"]
[WhiteElo "2105"]
[BlackElo "2031"]
[Opening "Giuoco Piano"]
[ECO "C54"]
[Time "19:25:23"]
[TimeControl "2700+45"]

1. e4 e5 2. Nf3 Nc6 3. Bc4 Bc5 4. c3 Nf6 5. d4 exd4 6. cxd4 Bb4+ 7. Nbd2 Nxe4 8.
O-O d5 9. Nxe4 O-O 10. Bg5 Be7 11. Bxe7 Nxe7 12. Nf6+ gxf6 13. Bd3 Ng6 14. h3
{Game drawn by mutual agreement} 1/2-1/2

[Event "Team 45 45 League T62"]
[Site "Internet Chess Club"]
[Date "2014.09.19"]
[Round "4"]
[White "Happybear"]
[Black "BigH"]
[Result "0-1"]
[WhiteElo "1837"]
[BlackElo "2004"]
[Opening "Sicilian: closed, 6.Be3"]
[ECO "B26"]
[Time "15:14:09"]
[TimeControl "2700+45"]

1. e4 c5 2. Nc3 Nc6 3. g3 g6 4. Bg2 Bg7 5. d3 d6 6. Be3 e5 7. Qd2 Be6 8. Nge2
Qd7 9. O-O Nd4 10. f4 Ne7 11. Rae1 O-O 12. Nc1 Rad8 13. Kh1 b6 14. Bg1 f5 15.
Bxd4 cxd4 16. Nd5 Nxd5 17. exd5 Bf7 18. c4 dxc3 19. bxc3 exf4 20. gxf4 Rfe8 21.
c4 Rxe1 22. Rxe1 Re8 23. Nb3 Re7 24. Kg1 Qe8 25. Rxe7 Qxe7 26. d4 h6 27. a4 g5
28. Kf2 Be8 29. a5 Ba4 30. Nc1 bxa5 31. Ne2 Bb3 32. Qc3 a4 33. Qb4 gxf4 34. Bf3
Qe3+ 35. Kg2 Bd1 36. Qb7 Bxe2 37. Qc8+ Bf8 {White resigns} 0-1

[Event "Team 45 45 League T62"]
[Site "Internet Chess Club"]
[Date "2014.09.21"]
[Round "4"]
[White "CHENENE"]
[Black "charles-allen"]
[Result "1/2-1/2"]
[WhiteElo "1862"]
[BlackElo "1892"]
[Opening "QGD: Tarrasch defense"]
[ECO "D32"]
[Time "10:09:24"]
[TimeControl "2700+45"]

1. d4 d5 2. c4 e6 3. Nc3 c5 4. e3 Nf6 5. Nf3 Nc6 6. Be2 a6 7. cxd5 exd5 8. O-O
Bd6 9. h3 O-O 10. dxc5 Bxc5 11. a3 Bf5 12. Bd3 Qd7 13. b4 Ba7 14. Bb2 Rfe8 15.
Ne2 Ne4 16. Rc1 Rad8 17. Ned4 Nxd4 18. Bxd4 Bb8 19. Re1 Qd6 20. Qb3 Qe6 21. Bf1
Qd6 22. Bd3 Qe6 {Game drawn by mutual agreement} 1/2-1/2